 Dungeon Crawl Stone Soup version 0.31-a0-174-g85c54bcb58 (webtiles) character file.

Game seed: 8382387816646382362

46 qw the Shooter (level 3, -2/22 HPs)
             Began as a Gargoyle Hunter on June 15, 2023.
             Slain by a hobgoblin (3 damage)
             ... on level 4 of the Dungeon.
             The game lasted 00:00:35 (1493 turns).

qw the Shooter (Gargoyle Hunter)                    Turns: 1493, Time: 00:00:35

Health: -2/22      AC:  6    Str: 14    XL:     3   Next: 68%
Magic:  3/3        EV: 11    Int:  9    God:
Gold:   72         SH:  0    Dex: 15    Spells: 2/2 levels left

rFire   . . .        Y - +0 shortbow
rCold   . . .        (shield currently unavailable)
rNeg    + . .        c - +0 leather armour
rPois   inf          (no helmet)
rElec   +            (no cloak)
rCorr   .            (no gloves)
SInv    .            (no boots)
Will    .....        (no amulet)
Stlth   ++           (no ring)
HPRegen 0.23/turn    (no ring)
MPRegen 0.08/turn

%: no passive effects
@: no status effects
A: sickness immunity, AC +3, negative energy resistance 1, electricity
resistance, torment resistance 1, petrification resistance
a: no special abilities


You were on level 4 of the Dungeon.
You visited 1 branch of the dungeon, and saw 5 of its levels.

You collected 72 gold pieces.


Innate Abilities, Weirdness & Mutations

You are immune to sickness and miasma.
Your stone body is resilient. (AC +3)
You are immune to poison.
You resist negative energy. (rN+)
You are resistant to electric shocks. (rElec)
You are resistant to unholy torment.
You are immune to petrification.


   Skills:
 + Level 2.9 Fighting
 - Level 5.0 Ranged Weapons
 - Level 1.5 Dodging
 - Level 1.1 Stealth


You had 2 spell levels left.
You didn't know any spells.
Your spell library was empty.

Inventory:

Hand Weapons
 Y - a +0 shortbow (weapon)
Armour
 c - a +0 leather armour (worn)
Jewellery
 a - a ring of protection from fire
 d - a ring of fire
Scrolls
 b - a scroll of identify
Potions
 e - a potion of curing {unknown}
 f - a potion of magic {unknown}
 g - 2 potions of degeneration {unknown}

Dungeon Overview and Level Annotations

Branches:
Dungeon (5/15)
 Temple: D:4-7

Altars:

Shops:
D:2 :


Message History

The hobgoblin hits you but does no damage.
The kobold barely misses you. The hound closely misses you.
You shoot an arrow. The arrow hits the hound.
The hound is heavily wounded.
The hound barely misses you. The hobgoblin barely misses you.
The kobold hits you but does no damage. The hound bites you.
You shoot an arrow. The arrow hits the hound.
The hound is heavily wounded.
The hobgoblin closely misses you. The kobold hits you with a +0 dagger.
The hound closely misses you. The kobold hits you but does no damage.
The hobgoblin barely misses you.
You shoot an arrow. The arrow closely misses the hound.
The hound completely misses you. The hound misses you.
The kobold hits you with a +0 dagger. The hobgoblin barely misses you.
You shoot an arrow. The arrow closely misses the hound.
The hound closely misses you. The kobold misses you.
The hobgoblin barely misses you. The hound barely misses you.
You shoot an arrow. The arrow closely misses the hound.
The hound bites you. The kobold completely misses you.
The hobgoblin hits you but does no damage.
The hound barely misses you.
You shoot an arrow. The arrow misses the hound.
The kobold closely misses you. The hound bites you but does no damage.
The hobgoblin barely misses you.
You shoot an arrow. The arrow hits the hound.
The hound is almost dead.
The hound closely misses you. The hobgoblin barely misses you.
The kobold barely misses you. The hound barely misses you.
You shoot an arrow. The arrow barely misses the hound.
The hound barely misses you. The kobold closely misses you.
The hobgoblin barely misses you. The hound bites you.
You shoot an arrow. The arrow closely misses the hound.
The hobgoblin misses you. The kobold hits you but does no damage.
The hound closely misses you. The kobold hits you with a +0 dagger.
The hobgoblin barely misses you.
You shoot an arrow. The arrow hits the hound.
The hound is severely wounded.
The hound bites you. The hound bites you but does no damage.
The kobold hits you but does no damage. The hobgoblin hits you.
You die...

####### ##.....#
#...##.###############.#
.......................#
#...##............###
##.####.#######..## #.#
#.# #..# #.# #.# #.@#
..# #.# #.Kgh...... ###
##>## #.#........ #
##...#####......#### .#
#.#...............
.#####....#.###.....###
............# #....##
.##..#....#.# #....#
.##..##.#.#...


You could see a hound, a hobgoblin and a kobold.

Vanquished Creatures
  2 worms
  4 endoplasms
  2 giant cockroaches
  3 goblins
  6 hobgoblins
  4 quokkas
  6 ball pythons
  2 bats (D:1)
  4 frilled lizards
  3 kobolds
  A rat (D:2)
37 creatures vanquished.

Notes
Turn   | Place    | Note
-------+----------+-------------------------------------------
     0 | D:1      | qw the Gargoyle Hunter began the quest for the Orb.
     0 | D:1      | Reached XP level 1. HP: 12/12 MP: 1/1
     0 | D:1      | 0 ||| qw: Version: 0.2-a-29-g511e9b1
     0 | D:1      | 0 ||| qw: Game counter: 5511
     0 | D:1      | 0 ||| qw: Always use a shield: true
     0 | D:1      | 0 ||| qw: God list: Okawaru
     0 | D:1      | 0 ||| qw: Allow faded altars: false
     0 | D:1      | 0 ||| qw: Do Orc after D:15 true
     0 | D:1      | 0 ||| qw: Do second Lair branch before Depths: true
     0 | D:1      | 0 ||| qw: Lair rune preference: random
     0 | D:1      | 0 ||| qw: Plans: Normal, Zot:1-4, Slime:5, God:TSO, Crypt,
                  | Tomb, Abyss, Pan, Hells, Win
     0 | D:1      | 0 ||| PLANNING D:1-11
    99 | D:1      | Reached XP level 2. HP: 12/17 MP: 2/2
   391 | D:1      | Found a faded altar of an unknown god.
   809 | D:1      | 809 ||| READING scroll labelled PEPTECH IMEIMM.
   810 | D:1      | 810 ||| READING 3 scrolls labelled MOFOAD OFEAD.
   811 | D:1      | 811 ||| READING scroll labelled QEQEMO YHINI.
   812 | D:1      | 812 ||| DROPPING scroll of butterflies.
   813 | D:1      | 813 ||| DROPPING 2 scrolls of blinking.
   839 | D:2      | Found Fuadghatt's Book Shoppe.
   927 | D:2      | Reached XP level 3. HP: 21/21 MP: 3/3
   995 | D:2      | Reached skill level 5 in Ranged Weapons
  1356 | D:2      | 1356 ||| READING 3 scrolls of identify.
  1356 | D:2      | 1356 ||| IDENTIFYING pink potion
  1357 | D:2      | 1357 ||| READING 2 scrolls of identify.
  1357 | D:2      | 1357 ||| IDENTIFYING emerald potion
  1358 | D:2      | 1358 ||| DROPPING potion of enlightenment.
  1359 | D:2      | 1359 ||| DROPPING potion of brilliance.
  1371 | D:3      | You fall into a shaft and drop 2 floors!
  1371 | D:5      | Entered Level 5 of the Dungeon
  1492 | D:4      | HP: 3/22 [kobold/+0 dagger (3)]
  1493 | D:4      | HP: 1/22 [hound (2)]
  1493 | D:4      | Slain by a hobgoblin

Levels and vault maps discovered:
D:1:      minmay_arrival_checkered_box, layout_basic,
          shapermc_ecumenical_altar_rom_forum
D:2:      layout_basic, serial_shops, shop
D:3:      mumra_celtic_spiral_tile, layout_loops_corners,
          mainiacjoe_overflow_swirl, old_standard_altar, lemuel_round_altar,
          minivault_14, minmay_misc_feat_roman
D:4:      layout_loops_ring, mainiacjoe_overflow_tiny_flanked,
          ebering_ghost_gozag, nicolae_shop_distant_corner_stores, uniq_sigmund
D:5:      layout_basic, minmay_temple_entry_statues_pillars,
          gammafunk_ghost_cemetery, uniq_ijyb

Skill      XL: |  1  2  3 |
---------------+----------+-----
Ranged Weapons | 5 |  5.0
Fighting       | |  2.9
Dodging        | |  1.5
Stealth        | |  1.1

Action                     || total
---------------------------++-------
   Fire: Shortbow          ||   132
    Use: Scroll            ||     5
 Armour: Leather armour    ||    36
  Dodge: Dodged            ||    65

Table legend:
 A = Non-vault XP
 B = Vault XP
 C = Vault XP percentage of total XP
 D = Non-vault monster count
 E = Vault monster count
 F = Vault count percentage of total count
                 A         B        C        D         E       F
            +---------+---------+-------+---------+---------+-------
      Total |      67 |       0 |   0.0 |      37 |       0 |   0.0
            +---------+---------+-------+---------+---------+-------
        D:1 |      28 |       0 |   0.0 |      16 |       0 |   0.0
        D:2 |      29 |       0 |   0.0 |      17 |       0 |   0.0
        D:4 |      10 |       0 |   0.0 |       4 |       0 |   0.0
            +---------+---------+-------+---------+---------+-------
